 Dungeon Crawl Stone Soup version 0.28-a0-32-g8dfe7f97f6 (webtiles) character file.

Game seed: 1111959315079248514

53 BorisBritva the Cudgeller (level 3, 0/34 HPs)
             Began as a Minotaur Chaos Knight on July 27, 2021.
             Was a Plaything of Xom.
             Slain by Terence (6 damage)
             ... on level 2 of the Dungeon.
             The game lasted 00:01:40 (1076 turns).

BorisBritva the Cudgeller (Minotaur Chaos Knight)   Turns: 1076, Time: 00:01:41

Health: 0/34       AC:  5    Str: 17    XL:     3   Next: 62%
Magic:  2/2        EV: 11    Int:  9    God:    Xom [.....*]
Gold:   96         SH:  0    Dex:  9    Spells: 2/2 levels left

rFire   . . .      SeeInvis .   a - +0 mace (chaos)
rCold   . . .      Faith    .   (no shield)
rNeg    . . .      Spirit   .   b - +2 leather armour
rPois   .          Reflect  .   (helmet restricted)
rElec   .          Harm     .   (no cloak)
rCorr   .          Rampage  .   (no gloves)
Will    .....                   (no boots)
Stlth   +.........              (no amulet)
HPRegen 0.11/turn               (no ring)
MPRegen 0.08/turn               (no ring)

@: no status effects
A: horns 2, retaliatory headbutt
a: Renounce Religion


You were on level 2 of the Dungeon.
You worshipped Xom.
You were Xom's teddy bear.
You visited 1 branch of the dungeon, and saw 2 of its levels.

You collected 96 gold pieces.

Inventory:

Hand Weapons
 a - a +0 mace of chaos (weapon)
Missiles
 f - a throwing net (quivered)
Armour
 b - a +2 leather armour (worn)
Potions
 c - 3 potions of haste {unknown}
 d - a potion of flight {unknown}
 e - a potion of attraction {unknown}
 g - a potion of curing {unknown}
 h - a potion of degeneration {unknown}


   Skills:
 + Level 4.4 Fighting
 + Level 4.7 Maces & Flails
 + Level 2.7 Armour
 + Level 1.3 Dodging


You had 2 spell levels left.
You didn't know any spells.
Your spell library contained the following spells:

 Spells                   Type           Power      Damage    Failure   Level
 Olgreb's Toxic Radiance  Pois           0%         N/A       99%         4
 Ozocubu's Refrigeration  Ice            0%         4d5       100%        7
 Ignition                 Fire           0%         3d3       100%        8


Dungeon Overview and Level Annotations

Branches:
Dungeon (2/15)

Altars:

Annotations:
D:2 Terence


Innate Abilities, Weirdness & Mutations

You have a pair of horns on your head.
You reflexively headbutt those who attack you in melee.


Message History

No target in view!
No target in view!
No target in view!
You see here a frilled lizard corpse.
c - 3 emerald potions (gained 1)
An adder, a hobgoblin and Terence come into view.
Terence shouts!
The hobgoblin shouts!
You hit the hobgoblin. You burn the hobgoblin.
You kill the hobgoblin!
A bat comes into view.
You hit Terence but do no damage.
Terence flickers and vanishes!
Deactivating autopickup; reactivate with Ctrl-A.
You headbutt something! Something hits you!
The bat hits you but does no damage. Something hits you. The adder bites you.
You closely miss the adder. You headbutt the adder!
You kill the adder!
The bat misses you. Something barely misses you. The bat closely misses you.
Something hits you.
Found a hunting sling.
You are too injured to fight recklessly!
You are too injured to fight recklessly!
You are too injured to fight recklessly!
You are too injured to fight recklessly!
You are too injured to fight recklessly!
You are too injured to fight recklessly!
You are too injured to fight recklessly!
You are too injured to fight recklessly!
You are too injured to fight recklessly!
You closely miss something. The bat closely misses you.
You furiously retaliate!
You headbutt the bat. Something hits you.
Something hits you but does no damage.
You hit something but do no damage.
Nothing appears to happen.
The bat hits you but does no damage. The bat closely misses you.
The bat barely misses you. You furiously retaliate!
You headbutt the bat!
You kill the bat!
Something hits you!
* * * LOW HITPOINT WARNING * * *
You closely miss something. Something hits you.
You die...
Xom yawns loudly!

##†#
##.........
#.#
#.......#>
#.#
#.......#(
#.##
#.........
#..##
########..
##..# ...
##.#######
..##
#...†...#..
##{@.......
#..†.......
#...........#
##..........#
##.........#
#.........#
##.......##
)........


There were no monsters in sight!

Vanquished Creatures
  2 adders (D:2)
  A dart slug (D:1)
  3 endoplasms
  5 hobgoblins
  3 kobolds (D:1)
  2 quokkas (D:1)
  6 ball pythons
  3 bats
  2 frilled lizards
  2 goblins (D:1)
  5 rats
34 creatures vanquished.

Notes
Turn   | Place    | Note
-------+----------+-------------------------------------------
     0 | D:1      | BorisBritva the Minotaur Chaos Knight began the quest for
                  | the Orb.
     0 | D:1      | Reached XP level 1. HP: 19/19 MP: 0/0
   173 | D:1      | XOM: chaos cloud
   227 | D:1      | Reached XP level 2. HP: 20/27 MP: 1/1
   694 | D:1      | XOM: 8-stop teleportation journey
   755 | D:2      | Reached XP level 3. HP: 25/33 MP: 2/2
  1068 | D:2      | Noticed Terence
  1076 | D:2      | Slain by Terence

Illustrated notes

Levels and vault maps discovered:
D:1:      amcnicky_arrival_underground_garden, layout_basic
D:2:      layout_rooms, hellmonk_ecumenical_altar_leap_of_faith, uniq_terence

Skill      XL: |  1  2 |
---------------+-------+-----
Maces & Flails | 4 |  4.7
Fighting       | 4 |  4.4
Armour         | |  2.7
Dodging        | |  1.3

Action                   || total
-------------------------++-------
Melee: Mace              ||    64
       Headbutt          ||     9
Armor: Leather armour    ||    21
Dodge: Dodged            ||    49

Table legend: (Time is in decaauts)
 A = Elapsed time spent in this place.
 B = Non-inter-level travel time spent in this place.
 C = Inter-level travel time spent in this place.
 D = Time resting spent in this place.
 E = Time spent auto-exploring this place.
 F = Levels seen in this place.
 G = Mean time per level.
                   A        B        C        D        E       F      G
               +--------+--------+--------+--------+--------+-----+--------+
         Total |   1087 |   1070 |     17 |      0 |    910 |   2 |  543.5 |
       Dungeon |   1087 |   1070 |     17 |      0 |    910 |   2 |  543.5 |
               +--------+--------+--------+--------+--------+-----+--------+

Top non-repeatable levels by time:
     D:1: 758 daAuts
     D:2: 328 daAuts
